Map: 海神信使 - 天梯版

Players

llllllllllll

  • Race: Protoss Protoss
  • League: Master
  • Spawn Location: 11:00

柚子 - Winner!

  • Race: Protoss Protoss
  • Spawn Location: 5:00

VOD

Have the link to the VOD?

Description

Time

  • Played on: Dec. 1, 2019, 8:59 p.m.
  • Length: 9:49
Show
View Real Time Build Order
Export as new Build Order

llllllllllll Protoss 

Build Orders: Oracle Opening, Archon Immortal 

Get SALT Encoding   

  12  0:00  Probe  
  13  0:12  Probe  
  14  0:20  Pylon  
  14  0:25  Probe  
  15  0:39  Probe (Chrono Boost)  
  15  0:40  Gateway  
  16  0:45  Assimilator  
  16  0:47  Probe (Chrono Boost)  
  17  0:53  Assimilator, Probe  
  18  1:05  Probe (Chrono Boost)  
  19  1:17  Probe (Chrono Boost)  
  20  1:20  Gateway  
  20  1:28  Cybernetics Core  
  20  1:30  Pylon  
  20  1:32  Probe  
  21  1:44  Probe  
  22  1:56  Probe  
  23  2:03  Warp Gate  
  23  2:06  Adept (Chrono Boost)  
  25  2:11  Adept (Chrono Boost)  
  27  2:16  Stargate  
  27  2:29  Adept  
  29  2:34  Adept  
  31  2:42  Pylon  
  31  2:43  Pylon  
  31  2:54  Robotics Facility  
  31  3:06  Pylon  
  31  3:10  Shield Battery  
  31  3:14  Oracle  
  34  3:27  Nexus  
  34  3:46  Immortal (Chrono Boost)  
  38  3:48  Probe  
  39  3:57  Stalker  
  41  4:04  Probe  
  42  4:13  Pylon  
  42  4:16  Probe, Observer (Chrono Boost)  
  43  4:18  Stalker  
  46  4:33  Probe (Chrono Boost)  
  46  4:35  Immortal (Chrono Boost)  
  51  4:41  Probe (Chrono Boost)  
  52  4:54  Probe (Chrono Boost)  
  52  4:56  Probe  
  51  5:04  Forge  
  51  5:06  Gateway, Probe  
  52  5:08  Probe  
  52  5:12  Stalker  
  55  5:19  Sentry  
  57  5:22  Probe (Chrono Boost)  
  57  5:27  Probe (Chrono Boost)  
  59  5:29  Immortal  
  59  5:33  Probe (Chrono Boost)  
  59  5:35  Probe (Chrono Boost)  
  65  5:36  Protoss Ground Weapons Level 1 (Chrono Boost)  
  65  5:42  Probe  
  66  5:46  Probe  
  67  5:54  Probe (Chrono Boost)  
  67  5:56  Assimilator  
  68  5:58  Assimilator  
  68  6:00  Probe (Chrono Boost)  
  69  6:06  Probe (Chrono Boost)  
  69  6:08  Immortal  
  75  6:11  Pylon  
  75  6:15  Probe (Chrono Boost)  
  75  6:16  Pylon  
  75  6:18  Probe (Chrono Boost)  
  75  6:22  Probe  
  77  6:26  Twilight Council  
  77  6:28  Gateway  
  77  6:35  Probe x2  
  77  6:36  Observer  
  77  6:38  Gateway  
  79  6:40  Gateway  
  79  6:49  Immortal  
  83  7:00  Charge (Chrono Boost)  
  83  7:03  Templar Archives  
  83  7:07  Zealot  
  83  7:08  Zealot x2  
  89  7:24  Pylon  
  89  7:25  Nexus  
  89  7:26  Zealot  
  91  7:38  Psionic Storm  
  91  7:39  High Templar  
  91  8:14  Probe x2  
  91  8:18  High Templar  
  91  8:19  Zealot x2, High Templar x3  
  92  8:26  Gateway, Probe, Immortal (Chrono Boost)  
  93  8:27  Gateway  
  93  8:29  Gateway  
  93  8:33  Probe  
  98  8:38  Shield Battery, Probe  
  98  8:39  Shield Battery  
  99  8:41  Archon  
  99  8:42  High Templar, Archon  
  99  8:43  Zealot  
  99  8:45  Probe  
  99  8:48  Archon  
  104  8:50  Photon Cannon, Probe x2  
  104  8:52  Pylon  
  106  8:58  Probe  
  106  8:59  Zealot x2, High Templar  
  106  9:00  Zealot  
  106  9:02  Probe  
  116  9:04  Assimilator  
  106  9:18  Zealot, High Templar  
  106  9:19  Zealot  
  106  9:20  Zealot  
  106  9:21  Zealot  
  102  9:27  Archon  
  86  9:38  Zealot x5  
  76  9:40  Zealot  
Show
View Real Time Build Order
Export as new Build Order

柚子 Protoss - Winner!

Build Orders: Zealot Archon 

Get SALT Encoding   

  12  0:00  Probe  
  13  0:13  Probe  
  14  0:18  Pylon  
  14  0:25  Probe (Chrono Boost)  
  15  0:37  Probe (Chrono Boost)  
  15  0:40  Gateway  
  16  0:44  Probe (Chrono Boost)  
  16  0:46  Assimilator  
  17  0:51  Probe  
  17  0:56  Assimilator  
  18  1:03  Probe (Chrono Boost)  
  19  1:08  Gateway  
  19  1:13  Probe (Chrono Boost)  
  20  1:19  Probe  
  21  1:26  Cybernetics Core  
  21  1:31  Probe  
  22  1:43  Probe  
  23  2:01  Warp Gate (Chrono Boost)  
  23  2:07  Pylon  
  23  2:19  Pylon  
  23  2:25  Stalker x2, Probe  
  28  2:38  Gateway  
  28  2:44  Nexus  
  28  2:47  Pylon  
  28  2:56  Sentry  
  30  3:05  Sentry  
  32  3:09  Forge  
  32  3:14  Shield Battery  
  32  3:18  Probe  
  33  3:30  Shield Battery, Probe  
  34  3:35  Protoss Ground Weapons Level 1 (Chrono Boost), Pylon  
  34  3:42  Probe  
  35  3:49  Stalker x2  
  35  3:54  Probe  
  39  3:59  Probe  
  40  4:05  Stalker  
  40  4:06  Probe  
  43  4:11  Probe  
  43  4:14  Robotics Facility  
  44  4:18  Probe  
  44  4:23  Probe  
  46  4:28  Stalker  
  46  4:30  Probe (Chrono Boost)  
  50  4:39  Assimilator  
  50  4:41  Assimilator, Probe (Chrono Boost)  
  50  4:42  Probe (Chrono Boost)  
  51  4:47  Probe (Chrono Boost), Pylon  
  51  4:48  Probe (Chrono Boost)  
  50  4:57  Probe  
  50  4:59  Probe  
  50  5:01  Observer  
  50  5:07  Twilight Council  
  51  5:09  Probe  
  51  5:11  Probe  
  53  5:21  Probe  
  54  5:22  Observer  
  54  5:24  Probe  
  56  5:32  Protoss Ground Weapons Level 2 (Chrono Boost)  
  56  5:33  Probe  
  57  5:36  Probe  
  57  5:38  Pylon  
  57  5:40  Charge (Chrono Boost)  
  58  5:45  Probe  
  58  5:46  Immortal  
  58  5:48  Gateway, Probe  
  64  5:58  Probe  
  64  6:04  Gateway x2  
  65  6:05  Probe  
  66  6:11  Observer  
  66  6:14  Gateway  
  66  6:21  Gateway  
  66  6:22  Gateway  
  66  6:26  Immortal (Chrono Boost)  
  70  6:36  Probe  
  71  6:44  Observer  
  71  6:45  Templar Archives  
  71  6:46  Pylon  
  71  6:47  Pylon  
  71  6:51  Pylon  
  71  6:58  Immortal  
  75  7:03  Pylon  
  75  7:13  Nexus  
  74  7:21  High Templar x4  
  74  7:22  Zealot  
  84  7:25  Archon x2  
  84  7:26  Zealot  
  84  7:28  Zealot  
  88  7:35  Zealot x2  
  92  7:50  High Templar x2  
  96  7:51  Zealot  
  96  7:52  Shield Battery  
  96  7:53  Zealot x3  
  96  7:55  Archon  
  104  8:00  Warp Prism (Chrono Boost)  
  106  8:20  Nexus  
  106  8:29  High Templar  
  110  8:35  Pylon  
  110  8:38  Pylon  
  110  8:41  Pylon  
  108  8:54  High Templar x2  
  108  8:55  High Templar  
  114  8:56  Zealot x2  
  114  8:57  Zealot  
  114  8:59  Archon  
  106  9:23  Zealot x6  
  90  9:34  Zealot x3  
  90  9:37  Archon  
  86  9:45  High Templar x3  
  80  9:46  High Templar  
Tags
 
Add a new tag
Caveats
  • Supply blocks, unpowered buildings, or Contaminate may cause inaccurate times.
  • Supply counts are checked every 10 seconds.